 Dungeon Crawl Stone Soup version 0.28.0-49-g6dfe1f597d (webtiles) character file.

Game seed: 10262980287414492038

65995 Bruhh the Carver (level 15, -15/122 HPs)
             Began as a Djinni Earth Elementalist on May 15, 2022.
             Was a High Priest of Ashenzari.
             Killed by an exploding ball lightning (27 damage)
             ... on level 2 of the Orcish Mines.
             The game lasted 00:39:28 (22684 turns).

Bruhh the Carver (Djinni Earth Elementalist)       Turns: 22684, Time: 00:39:28

Health: -15/122    AC: 15    Str:  7    XL:     15   Next: 60%
Gold:   1417       EV: 15    Int: 24    God:    Ashenzari [*****.] SH: 18 Dex: 15

rFire   + + .      SeeInvis +   P - +7 Singing Sword {vorpal, sonic wave, Self, Melee} (curse)
rCold   + + .      Faith    .   w - +0 kite shield "Prophetic Regret" {Fort, Melee} (curse)
rNeg    . . .      Spirit   .   T - +0 troll leather armour
rPois   ∞          Reflect  +   U - +2 hat of Ashenzari's Ennui {SInv, Melee, Self} (curse)
rElec   .          Harm     .   A - +3 cloak of the Chained Comet {+Inv rPois rC+++ Dex-5, Evo, Self} (curse)
rCorr   +          Rampage  .   J - +1 pair of gloves of Ashenzari's Doubts {Self, Cun} (curse)
Will    +....      Clarity  +   (boots unavailable)
Stlth   ++........              z - amulet of Ouranomancy {Reflect SH+5, Melee, Fort} (curse)
HPRegen 1.10/turn               E - ring of Makhleb's Regard {Wiz Fly rCorr MP-9}
MPRegen 0.00/turn               G - ring "Per Aspera Ad Scientiam" {Dex+6, Self, Evo} (curse)

@: flying
A: sickness immunity, fire resistance 2, cold vulnerability 1, float, innate
caster, HP casting, extra vitality 1
a: Renounce Religion, Evoke Invisibility, Curse Item, Shatter the Chains


You were on level 2 of the Orcish Mines.
You worshipped Ashenzari.
Ashenzari was extremely pleased with you.
You visited 4 branches of the dungeon, and saw 21 of its levels.
You also visited: Gauntlet.

You collected 1417 gold pieces.

Inventory:

Hand Weapons
 D - the +4 dagger "Beockeg" {flame, *Slow rElec Dex+4 Stlth+}
   (You found it on level 7 of the Dungeon)

   It burns those it strikes, dealing additional fire damage.
   Dex:       It affects your dexterity (+4).
   rElec:     It insulates you from electricity.
   *Slow:     It may slow you when you take damage.
   Stlth:     It makes you more stealthy.
 P - the cursed +7 Singing Sword (weapon) {vorpal, sonic wave, Self, Melee}
   (You found it on level 10 of the Dungeon)

   It inflicts extra damage upon your enemies.
   It radiates damaging sonic waves as it strikes, especially in combat
   involving dangerous or numerous foes.
   It has a curse which improves the following skills: Introspection: Fighting
   and Spellcasting.
   Melee Combat: Short Blades, Long Blades, Axes, Maces & Flails, Polearms,
   Staves and Unarmed Combat.
Missiles
 L - 345 stones
 M - a throwing net
Armour
 b - a +0 robe
 v - a +0 hat of intelligence
 w - the cursed +0 kite shield "Prophetic Regret" (worn) {Fort, Melee}
   (You took it off a gnoll sergeant on level 5 of the Dungeon)

   It has a curse which improves the following skills: Fortitude: Armour and
   Shields.
   Melee Combat: Short Blades, Long Blades, Axes, Maces & Flails, Polearms,
   Staves and Unarmed Combat.
 A - the cursed +3 cloak of the Chained Comet (worn) {+Inv rPois rC+++ Dex-5, Evo, Self}
   (You acquired it on level 3 of the Lair of Beasts)

   Dex:       It affects your dexterity (-5).
   rC:        It renders you almost immune to cold.
   rPois:     It protects you from poison.
   +Inv:      It lets you turn invisible.
   It has a curse which improves the following skills: Evocations: Evocations.
   Introspection: Fighting and Spellcasting.
 J - the cursed +1 pair of gloves of Ashenzari's Doubts (worn) {Self, Cun}
   (You found it on level 9 of the Dungeon)

   It has a curse which improves the following skills: Introspection: Fighting
   and Spellcasting.
   Cunning:   Dodging and Stealth.
 T - a +0 troll leather armour (worn)
 U - the cursed +2 hat of Ashenzari's Ennui (worn) {SInv, Melee, Self}
   (You took it off Gastronok on level 2 of the Lair of Beasts)

   It has a curse which improves the following skills: Melee Combat: Short
   Blades, Long Blades, Axes, Maces & Flails, Polearms, Staves and Unarmed
   Combat.
   Introspection: Fighting and Spellcasting.
Jewellery
 h - a +6 ring of strength
 m - a +4 ring of protection
 z - the cursed amulet of Ouranomancy (around neck) {Reflect SH+5, Melee, Fort}
   (You found it on level 6 of the Dungeon)

   [amulet of reflection]

   It reflects blocked missile attacks.
   SH:        It affects your SH (+5).
   It has a curse which improves the following skills: Melee Combat: Short
   Blades, Long Blades, Axes, Maces & Flails, Polearms, Staves and Unarmed
   Combat.
   Fortitude: Armour and Shields.
 E - the ring of Makhleb's Regard (left hand) {Wiz Fly rCorr MP-9}
   (You acquired it on level 3 of the Lair of Beasts)

   [ring of wizardry]

   It improves your spell success rate.
   MP:        It affects your magic capacity (-9).
   Fly:       It grants you flight.
   rCorr:     It protects you from acid and corrosion.
 G - the cursed ring "Per Aspera Ad Scientiam" (right hand) {Dex+6, Self, Evo}
   (You found it on level 8 of the Dungeon)

   [ring of dexterity]

   Dex:       It affects your dexterity (+6).
   It has a curse which improves the following skills: Introspection: Fighting
   and Spellcasting.
   Evocations: Evocations.
 H - a ring of ice
 Q - a +6 ring of strength
 Y - the ring "Emaciwn" {rPois rCorr Dex+5}
   (You found it in a Gauntlet)

   [ring of resist corrosion]

   Dex:       It affects your dexterity (+5).
   rPois:     It protects you from poison.
   rCorr:     It protects you from acid and corrosion.
 Z - the ring "Buah" {Will+ Int+4}
   (You took it off a minotaur in a Gauntlet)

   [ring of willpower]

   Int:       It affects your intelligence (+4).
   Will:      It increases your willpower.
Wands
 c - a wand of charming (6)
 n - a wand of mindburst (6)
 p - a wand of digging (3)
 u - a wand of iceblast (11)
 y - a wand of acid (9)
 N - a wand of flame (12)
 O - a wand of paralysis (12)
Scrolls
 a - 6 scrolls of enchant armour
 f - a scroll of silence
 k - 2 scrolls of teleportation
 l - a scroll of fear
 r - 4 scrolls of vulnerability
 t - 3 scrolls of blinking
 C - 2 scrolls of fog
 F - a scroll of enchant weapon
 R - 2 scrolls of summoning
Potions
 d - a potion of invisibility
 e - a potion of berserk rage
 g - a potion of resistance
 i - 2 potions of lignification
 o - 5 potions of brilliance
 q - 6 potions of haste
 s - 7 potions of heal wounds
 x - 7 potions of curing
 B - 3 potions of mutation
 I - a potion of ambrosia
 K - 6 potions of might
Miscellaneous
 j - a tin of tremorstones (2/2)


   Skills:
 - Level 10.1(16.5) Fighting
 - Level 12.5(18.0) Long Blades
 + Level 10.2(13.6) Armour
 * Level 7.7(10.1) Dodging
 - Level 1.5(3.1) Stealth
 - Level 11.5(15.0) Shields
 - Level 8.8(15.1) Spellcasting
 - Level 6.1(9.6) Evocations


You had 10 spell levels left.
You knew the following spells:

 Your Spells              Type           Power      Damage    Failure   Level
a - Sandblast             Erth           100%       2d20      0%          1
b - Passwall              Tmut/Erth      61%        N/A       0%          2
c - Stone Arrow           Conj/Erth      100%       3d13      1%          3
d - Petrify               Tmut/Erth      74%        N/A       1%          4
e - Beastly Appendage     Tmut           100%       N/A       0%          1
f - Poisonous Vapours     Pois/Air       100%       N/A       0%          2
g - Wereblood             Tmut           74%        N/A       0%          2
h - Summon Ice Beast      Ice/Summ       74%        N/A       1%          4
i - Fulminant Prism       Conj/Hex       37%        3d18      1%          4
j - Borgnjor's Vile Clut  Necr/Erth      37%        N/A       1%          5
k - Conjure Ball Lightni  Conj/Air       37%        3x3d12    1%          6
Your spell library was empty.

Dungeon Overview and Level Annotations

Branches:
Dungeon (12/15)            Temple (1/1) D:4            Lair (6/6) D:8
 Shoals (0/4) Lair:3       Spider (0/4) Lair:3        Slime (0/5) Lair:5
    Orc (2/2) D:9             Elf (0/3) Orc:2       Gauntlet (visited)

Altars:
Ashenzari
Cheibriados
Dithmenos
Elyvilon
Fedhas
Gozag
Kikubaaqudgha
Makhleb
Nemelex Xobeh
Okawaru
Qazlal
Ru
Trog
Uskayaw
Vehumet
Wu Jian
Xom
Yredelemnul
Zin
The Shining One
Beogh
Jiyva
Lugonu

Shops:
D:1 (   D:3 **   D:6 ?   D:7 ?   D:9 :   D:11 *?

Portals:
Abyss: Lair:1 Lair:6

Annotations:
Lair:1 2 transporters, Hiroaqie's ghost, journeyman TrMo
Lair:6 1 runed translucent door, Vicugh's ghost, journeyman GrEE


Innate Abilities, Weirdness & Mutations

You are immune to sickness and miasma.
You are immune to poison.
Your flesh is very heat resistant. (rF++)
You are vulnerable to cold. (rC-)
You float through the air rather than walking.
You learn spells naturally, not from books.
Your magical power is your life essence.
You have superior vitality. (+4 MHP)


Message History

The blast of lightning engulfs the orc warrior!!
You kill the orc warrior!
The blast of lightning engulfs you!!
The blast of lightning engulfs the troll!!
The troll is severely wounded.
Your ball lightning explodes!
The blast of lightning engulfs the orc knight!
The orc knight is severely wounded.
The blast of lightning engulfs your ball lightning.
Your ball lightning completely resists.
The blast of lightning engulfs you!!
The blast of lightning engulfs your ball lightning.
Your ball lightning completely resists.
The blast of lightning engulfs your ball lightning.
Your ball lightning completely resists.
An orc comes into view. It is wielding a +1 dagger of flaming.
You hear a shout! x3; You hear two shouts!
You hear a shout!
You hear two shouts!
You hear a shout!
You hear two shouts!
You hear a shout! x2
You hear two shouts! x2
Your ball lightning explodes!
The blast of lightning engulfs the orc knight!
The orc knight is almost dead.
The blast of lightning engulfs you!!
* * * LOW HITPOINT WARNING * * *
The blast of lightning engulfs the orc warrior!!
The orc warrior is almost dead.
Your ball lightning explodes!
The blast of lightning engulfs you!!
* * * LOW HITPOINT WARNING * * *
The blast of lightning engulfs your ball lightning.
Your ball lightning completely resists.
The blast of lightning engulfs the troll!
The troll is almost dead.
The blast of lightning engulfs the orc knight!!
You kill the orc knight!
The blast of lightning engulfs the orc warrior!!
The orc warrior is severely wounded.
Your ball lightning explodes!
The blast of lightning engulfs you!!
You die...

, ,,,,,, ,, ,, * ,
,, ,,, ..,...
........ ,,, * , ,
,...##..
,........,, ,, , ,
....#..* .....o..,
,, * , ,
.......##......$.
,* ,
......$..#o#..... ,
, ,,
,...........o.....,
, ...#......)T)....
,* , , , ,,,
.......)@..$)....,,
, , ,
...#......)....., ,
, , , ,
,#o$....#......, *
** , ,
...o#####........,,
* , , *##o
#P8P#....>..., , *
,,, ,,, #*,
∆{∆#.)...#.. , ,
*** **+*#....##,. ,
, ,* , * {{ ,
#.#..<.,, * ** *,
,, ,, ###.## * ,


You could see an orc knight (strong), a troll, 4 orc warriors and an orc.

Vanquished Creatures
  Gastronok (Lair:2)
  Nessos (Lair:4)
  A minotaur (Gauntlet)
  The ghost of Atelerd the Covert, a journeyman OpEE of Sif Muna (Lair:2)
  Fannar (Orc:1)
  A great orb of eyes (Gauntlet)
  3 boulder beetles
  11 hydras
  Erica (Lair:2)
  An anaconda (Lair:6)
  A two-headed ogre (D:12)
  Urug (D:10)
  3 thrashing horrors (Lair:6)
  An orc high priest (Orc:1)
  3 death yaks (Lair:3)
  2 orc knights
  An orc sorcerer (Orc:1)
  A deep elf pyromancer (D:10)
  5 cyclopes
  3 ugly things
  A manticore (Lair:6)
  2 large abominations (Lair:6)
  6 elephants (Lair:6)
  Joseph (Lair:1)
  4 black mambas (Lair:6)
  3 smoke demons (Lair:6)
  A gargoyle (D:11)
  16 cane toads
  2 minotaur zombies (Gauntlet)
  2 rime drakes
  Maggie (Lair:1)
  8 komodo dragons
  An ancient zyme (Lair:6)
  A polar bear (Lair:6)
  4 trolls
  3 hornets
  18 blink frogs
  Sigmund (D:4)
  A jumping spider (Lair:3)
  2 spriggans (Lair:6)
  2 ynoxinuls (Lair:6)
  2 culicivoras (Lair:3)
  10 flying skulls (Gauntlet)
  46 yaks
  A vampire (D:9)
  5 wyverns
  11 basilisks
  2 chaos spawn (Lair:6)
  A redback (Lair:3)
  12 small abominations (Lair:6)
  A steam dragon (D:7)
  2 vampire mosquitoes (D:12)
  Edmund (D:5)
  2 acid dragons (D:11)
  17 water moccasins
  An ice beast (D:8)
  10 orc warriors
  2 black bears
  3 ogres
  A necrophage (D:6)
  4 wolves (Lair:1)
  5 centaurs
  2 kobold brigands
  A wyvern zombie (D:6)
  9 bullfrogs
  2 gnoll sergeants
  4 scorpions
  A water moccasin zombie (D:7)
  A water moccasin skeleton (D:5)
  8 killer bees (D:8)
  13 wights
  3 vampire bats (D:6)
  A crimson imp (D:4)
  8 howler monkeys
  4 jellies
  5 centaur zombies
  4 hounds
  A bullfrog zombie (D:5)
  9 orc priests
  A gnoll shaman (D:9)
  An iron imp (D:10)
  A scorpion zombie (D:5)
  4 iguanas
  12 orc wizards
  A howler monkey zombie (D:8)
  14 gnolls
  A howler monkey skeleton (D:7)
  5 adders
  A shadow imp (D:8)
  2 worms
  3 dart slugs (D:4)
  54 orcs
  5 bat zombies (D:6)
  4 endoplasms
  A giant cockroach (D:3)
  5 goblins
  4 hobgoblins
  5 jackals
  2 quokkas
  4 ball pythons
  4 bats
  2 frilled lizards
  14 kobolds
  4 rats
492 creatures vanquished.

Vanquished Creatures (collateral kills)
  The ghost of Ornithology the Stormcaller, a journeyman TeAE of Gozag (Lair:3)
1 creature vanquished.

Vanquished Creatures (others)
  8 ball lightnings
  A fulminant prism (Lair:1)
  54 fungi
  83 plants
146 creatures vanquished.

Grand Total: 639 creatures vanquished

Notes
Turn   | Place    | Note
-------+----------+-------------------------------------------
     0 | D:1      | Bruhh the Djinni Earth Elementalist began the quest for the
                  | Orb.
     0 | D:1      | Reached XP level 1. HP: 15/15 MP: 0/0
   259 | D:1      | You are sucked into a shaft and drop 1 floor!
   266 | D:2      | Reached XP level 2. HP: 7/21 MP: 0/0
  1063 | D:1      | Found Humy's Weapon Boutique.
  1076 | D:1      | Reached XP level 3. HP: 16/25 MP: 0/0
  1076 | D:1      | Learned a level 1 spell: Beastly Appendage
  2334 | D:3      | Found an opulent altar of Gozag.
  2490 | D:3      | Found a stormy altar of Qazlal.
  2523 | D:3      | Reached XP level 4. HP: 18/31 MP: 0/0
  3048 | D:3      | Found Tummac's Assorted Antiques.
  3077 | D:3      | Found Qibbah's Assorted Antiques.
  3424 | D:4      | Noticed a scorpion
  3437 | D:4      | Killed a scorpion
  3438 | D:4      | Reached XP level 5. HP: 30/35 MP: 0/0
  3438 | D:4      | Learned a level 2 spell: Poisonous Vapours
  3543 | D:4      | Found a staircase to the Ecumenical Temple.
  3569 | Temple   | Entered the Ecumenical Temple
  3798 | Temple   | Became a worshipper of Ashenzari the Shackled
  4166 | D:4      | Noticed Sigmund
  4178 | D:4      | Killed Sigmund
  4179 | D:4      | Reached skill level 5 in Spellcasting
  4179 | D:4      | Reached XP level 6. HP: 27/40 MP: 0/0
  4364 | D:4      | Found a burning altar of Makhleb.
  4574 | D:4      | Found a glowing golden altar of the Shining One.
  4586 | D:4      | Reached XP level 7. HP: 36/45 MP: 0/0
  4586 | D:4      | Learned a level 2 spell: Wereblood
  4945 | D:4      | Found a shadowy altar of Dithmenos.
  5007 | D:5      | Entered Level 5 of the Dungeon
  5678 | D:5      | Noticed Edmund
  5689 | D:5      | Killed Edmund
  5690 | D:5      | Reached XP level 8. HP: 26/50 MP: 0/0
  6085 | D:5      | Found an ornate altar of the Wu Jian Council.
  6709 | D:6      | Reached skill level 1 in Fighting
  6709 | D:6      | Reached skill level 1 in Shields
  6812 | D:6      | Reached XP level 9. HP: 57/58 MP: 0/0
  6812 | D:6      | Learned a level 4 spell: Summon Ice Beast
  7164 | D:6      | Found a white marble altar of Elyvilon.
  7344 | D:6      | Found Miof's Magic Scroll Shop.
  7443 | D:6      | Reached * piety under Ashenzari
  7750 | D:7      | Reached skill level 5 in Fighting
  7750 | D:7      | Reached skill level 5 in Shields
  7851 | D:7      | Identified the +4 dagger "Beockeg" {flame, *Slow rElec
                  | Dex+4 Stlth+}
  8007 | D:7      | Reached ** piety under Ashenzari
  8395 | D:7      | Found Utusso's Magic Scroll Emporium.
  8816 | D:8      | Reached XP level 10. HP: 58/75 MP: 0/0
  8924 | D:8      | Identified the +2 robe of Laxkoc {MP+9}
  8927 | D:8      | Found a shimmering altar of Xom.
 10218 | D:8      | Found a staircase to the Lair.
 11352 | D:9      | Found Nikyvuad's Book Emporium.
 11372 | D:9      | Reached *** piety under Ashenzari
 11766 | D:9      | Found a staircase to the Orcish Mines.
 11786 | D:9      | Reached skill level 1 in Armour
 11786 | D:9      | Reached skill level 1 in Evocations
 11786 | D:9      | Reached XP level 11. HP: 78/86 MP: 0/0
 11786 | D:9      | Learned a level 4 spell: Fulminant Prism
 12112 | D:10     | Entered Level 10 of the Dungeon
 12145 | D:10     | Found the +7 Singing Sword {vorpal, sonic wave}
 12149 | D:10     | Noticed Urug
 12161 | D:10     | Killed Urug
 12676 | D:10     | Noticed a deep elf pyromancer
 12681 | D:10     | Killed a deep elf pyromancer
 12821 | D:10     | Reached skill level 5 in Armour
 12821 | D:10     | Reached skill level 5 in Evocations
 13255 | D:10     | Found a sparkling altar of Nemelex Xobeh.
 13315 | D:10     | Noticed a five-headed hydra
 13322 | D:10     | Killed a five-headed hydra
 13439 | D:10     | Found a snail-covered altar of Cheibriados.
 13967 | D:11     | Noticed a cyclops
 13970 | D:11     | Killed a cyclops
 14081 | D:11     | Noticed a boulder beetle
 14089 | D:11     | Killed a boulder beetle
 14090 | D:11     | Reached XP level 12. HP: 13/94 MP: 0/0
 14757 | D:11     | Found Izaefah's Assorted Antiques.
 14841 | D:11     | Identified a scroll of acquirement
 15000 | D:11     | Reached **** piety under Ashenzari
 15023 | D:11     | Found Wytoma's Magic Scroll Shop.
 15034 | D:11     | Reached skill level 1 in Long Blades
 15220 | D:11     | Reached skill level 2 in Long Blades
 15510 | D:12     | Noticed a two-headed ogre
 15514 | D:12     | Killed a two-headed ogre
 15515 | D:12     | Reached skill level 3 in Long Blades
 15524 | D:12     | Reached skill level 4 in Long Blades
 15743 | D:12     | Noticed a four-headed hydra
 15749 | D:12     | Killed a four-headed hydra
 15750 | D:12     | Reached skill level 5 in Long Blades
 15825 | D:12     | Reached skill level 6 in Long Blades
 16267 | Lair:1   | Entered Level 1 of the Lair of Beasts
 16292 | Lair:1   | Found a transporter.
 16293 | Lair:1   | Noticed Hiroaqie's ghost (journeyman TrMo)
 16296 | Lair:1   | Noticed a spriggan rider
 16316 | Lair:1   | Noticed Maggie
 16326 | Lair:1   | Killed Maggie
 16327 | Lair:1   | Reached skill level 7 in Long Blades
 16459 | Lair:1   | Reached XP level 13. HP: 102/102 MP: 0/0
 16459 | Lair:1   | Learned a level 5 spell: Borgnjor's Vile Clutch
 16588 | Lair:1   | Found a one-way gate to the infinite horrors of the Abyss.
 16590 | Lair:1   | Found a transporter.
 16634 | Lair:1   | Reached skill level 8 in Long Blades
 16696 | Lair:1   | Noticed Joseph
 16703 | Lair:1   | Killed Joseph
 17009 | Lair:2   | Noticed Erica
 17016 | Lair:2   | Killed Erica
 17017 | Lair:2   | Reached skill level 9 in Long Blades
 17086 | Lair:2   | Noticed a boulder beetle
 17100 | Lair:2   | Killed a boulder beetle
 17204 | Lair:2   | Noticed Atelerd's ghost (journeyman OpEE)
 17204 | Lair:2   | Noticed a four-headed hydra
 17209 | Lair:2   | Killed a four-headed hydra
 17228 | Lair:2   | Found a runed translucent door.
 17301 | Lair:2   | Killed Atelerd's ghost
 17597 | Lair:2   | Noticed Gastronok
 17610 | Lair:2   | Killed Gastronok
 17611 | Lair:2   | Reached skill level 10 in Fighting
 17640 | Lair:2   | Reached ***** piety under Ashenzari
 17821 | Lair:3   | Noticed a six-headed hydra
 17826 | Lair:3   | Killed a six-headed hydra
 17900 | Lair:3   | Found a staircase to the Shoals.
 17932 | Lair:3   | Identified the +3 leather armour of the Old and Reckless
                  | {-Cast rC+++ Str+4 SInv}
 17965 | Lair:3   | Reached XP level 14. HP: 99/114 MP: 0/0
 18118 | Lair:3   | Found a hole to the Spider Nest.
 18127 | Lair:3   | Reached skill level 10 in Long Blades
 18365 | Lair:3   | Found a runed translucent gate.
 18365 | Lair:3   | Found a runed translucent gate.
 18366 | Lair:3   | Found a runed translucent gate.
 18367 | Lair:3   | Noticed Ornithology's ghost (journeyman TeAE)
 18564 | Lair:3   | Killed Ornithology's ghost
 18637 | Lair:3   | Acquired the +3 cloak of the Wasteland {+Inv rPois rC+++
                  | Dex-5}
 18641 | Lair:3   | Acquired the ring of Makhleb's Regard {Wiz Fly rCorr MP-9}
 18714 | Lair:4   | Found a gate leading to a gauntlet.
 18735 | Gauntlet | Entered a Gauntlet
 18735 | Gauntlet | Found a transporter.
 18746 | Gauntlet | Found a transporter.
 18760 | Gauntlet | Identified the +5 scimitar of the Final Chapter {holy,
                  | rPois Will- Str+7 Dex+3}
 18761 | Gauntlet | Found a transporter.
 18763 | Gauntlet | Found the amulet of the Four Winds {rN+ Will+++ Clar}
 18765 | Gauntlet | Found a transporter.
 18775 | Gauntlet | Identified the +0 pair of boots "Goag" {Rampage rF- Int+3}
 18786 | Gauntlet | Found a transporter.
 18796 | Gauntlet | Found a runed translucent door.
 18800 | Gauntlet | Found a transporter.
 18809 | Gauntlet | Found a transporter.
 18810 | Gauntlet | Found a transporter.
 18823 | Gauntlet | Identified the ring "Emaciwn" {rPois rCorr Dex+5}
 18833 | Gauntlet | Found a transporter.
 18834 | Gauntlet | Identified the ring of Baun {Fly rPois rN++ Str+6 Dex-4}
 18847 | Gauntlet | Noticed a reaper
 18860 | Gauntlet | Found a transporter.
 18860 | Gauntlet | Found a transporter.
 18864 | Gauntlet | Found a transporter.
 19052 | Gauntlet | Reached skill level 10 in Shields
 19158 | Gauntlet | Identified the ring "Buah" {Will+ Int+4}
 19158 | Gauntlet | Noticed a minotaur
 19168 | Gauntlet | Killed a minotaur
 19339 | Lair:4   | Reached skill level 11 in Long Blades
 19488 | Lair:4   | Noticed Nessos
 19493 | Lair:4   | Killed Nessos
 19500 | Lair:4   | Identified the +0 quarterstaff of Linliqun {protect,
                  | Stlth+}
 19798 | Lair:5   | Found a staircase to the Slime Pits.
 19803 | Lair:5   | Found a viscous altar of Jiyva.
 20497 | Lair:6   | Entered Level 6 of the Lair of Beasts
 20899 | Lair:6   | Reached skill level 12 in Long Blades
 20967 | Lair:6   | Reached XP level 15. HP: 50/122 MP: 0/0
 20967 | Lair:6   | Learned a level 6 spell: Conjure Ball Lightning
 21456 | Lair:6   | Reached skill level 5 in Dodging
 21550 | Lair:6   | Found a corrupted altar of Lugonu.
 21644 | Lair:6   | Found a shimmering altar of Xom.
 21644 | Lair:6   | Noticed Vicugh's ghost (journeyman GrEE)
 21645 | Lair:6   | Found a runed translucent door.
 22014 | Lair:6   | Reached skill level 10 in Armour
 22350 | Orc:1    | Entered Level 1 of the Orcish Mines
 22522 | Orc:1    | Noticed Fannar
 22529 | Orc:1    | Killed Fannar
 22667 | Orc:2    | Entered Level 2 of the Orcish Mines
 22667 | Orc:2    | Found a staircase to the Elven Halls.
 22684 | Orc:2    | Killed by an exploding ball lightning

Illustrated notes

Levels and vault maps discovered:
D:1:      minmay_arrival_stair_chambers, layout_basic, serial_shops,
          nicolae_shop_bloodbath_and_beyond
D:2:      kennysheep_big_flooded_room, layout_rooms
D:3:      layout_basic, mainiacjoe_overflow_catwalk_spiral, serial_aquarium,
          aquarium_bridge_long_joined [aquarium_subvault_wall,
          aquarium_subvault_wall, aquarium_subvault_wall,
          aquarium_subvault_window, aquarium_subvault_bridge,
          aquarium_subvault_bridge], aquarium_bridge_island_large
          [aquarium_subvault_large_4_pools, aquarium_subvault_window,
          aquarium_subvault_window, aquarium_subvault_wall,
          aquarium_subvault_bridge], aquarium_window_fake, aquarium_window_fake,
          aquarium_window_fake, aquarium_view_2c, aquarium_view_4,
          aquarium_balcony_5a, serial_shops, shop, nicolae_shop_window_shopping
D:4:      layout_rooms, grunt_temple_overflow_lords_of_destruction,
          mainiacjoe_overflow_alcove_2, mainiacjoe_overflow_24_doors,
          minmay_temple_entry_glassed_door, uniq_sigmund
D:5:      layout_loops_ring, pdpol_wu_jian_five_deadly_venoms, uniq_edmund
D:6:      layout_basic, nicolae_overflow_hidden_temple,
          kennysheep_vampire_church, serial_shops,
          nicolae_shop_competitors_out_of_business, minmay_stone_trees_medium
D:7:      layout_gridville, serial_shops, nicolae_shop_hallway_stairs
D:8:      layout_cave_pools, dk_xom_monty_hall, minmay_lair_entry_grove,
          special_room [special_room_orc]
D:9:      layout_long_grid, orc_0_dummy, serial_shops,
          nicolae_shop_advertising_works [nicolae_subvault_shop_adworks]
D:10:     layout_roguey, nemelex_diamond_rough_becter, chei_slow_surprise,
          st_stairs_5, serial_bayou_pond_a, hangedman_decor_points,
          eino_small_chamber_without_monster, uniq_urug
D:11:     layout_basic, serial_shops, nicolae_shop_overgrown_old_shop,
          kennysheep_windowed_goal
D:12:     layout_irregular_city
Temple:   zaba_magenta_temple
Lair:1:   layout_long_grid, gammafunk_ghost_abyssal_escape, st_stairs_13,
          uniq_joseph, uniq_maggie
Lair:2:   layout_loops_ring, hellmonk_ghost_happy_afterlife,
          serial_bayou_crossing, lemuel_fruit_tree, uniq_gastronok, uniq_erica
Lair:3:   layout_loops_ring, minmay_shoals_entry_centaurs,
          spider_nest_entry_funnel_web, ebering_ghost_rock_garden
Lair:4:   layout_cave_shapes, gauntlet_entry_generic, uniq_nessos
Lair:5:   layout_gridlike, slime_altar_1, grunt_megastairs_4
Lair:6:   hellmonk_lair_end_abyssal_woods, layout_hall_layers,
          ebering_ghost_xom, minivault_23, chequers_serial_rivers_large_a,
          grunt_forest_large_clearing_hut
Orc:1:    layout_diamond_mine, uniq_fannar
Orc:2:    st_orc_ogre_mass, layout_caves, gammafunk_ghost_grave,
          lightli_church_of_beogh

Skill      XL: |  1  2  3  4  5  6  7  8  9 10 11 12 13 14 15 |
---------------+----------------------------------------------+-----
Spellcasting   | 3 4 5 6 8 |  8.8
Fighting       | 2 5 8 10 | 10.1
Shields        | 2 5 8 9 11 | 11.5
Armour         | 1 7 9 10 | 10.2
Evocations     | 1 6 |  6.1
Long Blades    | 7 9 12 | 12.5
Dodging        | 7 |  7.7
Stealth        | |  1.5

Action                   |  1- 3 |  4- 6 |  7- 9 | 10-12 | 13-15 || total
-------------------------+-------+-------+-------+-------+-------++-------
Melee: Unarmed           |    11 |       |       |       |       ||    11
       Staff             |    29 |    63 |    31 |       |       ||   123
       Punch             |       |     1 |       |       |       ||     1
       Dagger            |       |       |     2 |    26 |       ||    28
       Double sword      |       |       |       |    73 |   391 ||   464
 Cast: Sandblast         |    55 |     7 |   120 |    73 |       ||   255
       Poisonous Vapours |       |    24 |    26 |     2 |       ||    52
       Beastly Appendage |       |     5 |       |       |       ||     5
       Stone Arrow       |       |     1 |     8 |   164 |   257 ||   430
       Summon Ice Beast  |       |       |     1 |       |       ||     1
       Borgnjor's Vile C |       |       |       |       |     8 ||     8
       Fulminant Prism   |       |       |       |       |     1 ||     1
       Conjure Ball Ligh |       |       |       |       |     3 ||     3
Invok: Curse Item        |       |       |     3 |     4 |     3 ||    10
       Shatter the Chain |       |       |       |     1 |     2 ||     3
Evoke: Wand              |       |       |       |     2 |     2 ||     4
  Use: Potion            |       |     2 |       |       |       ||     2
       Scroll            |       |       |       |       |     4 ||     4
 Stab: Sleeping          |       |     2 |     1 |       |       ||     3
       Distracted        |       |       |       |     1 |     1 ||     2
       Paralysed         |       |       |       |       |     5 ||     5
Armor: Robe              |     8 |     8 |    13 |    24 |       ||    53
       Troll leather arm |       |       |       |    11 |   119 ||   130
       Acid dragon scale |       |       |       |     2 |       ||     2
Dodge: Dodged            |    55 |    74 |    65 |   132 |   169 ||   495
Block: Other             |       |       |     3 |     7 |       ||    10
       Kite shield       |       |       |       |   167 |   408 ||   575
       Reflection        |       |       |       |     7 |    10 ||    17
